[Event "39th Olympiad Khanty-Mansiysk 2010"]
[Site "Khanty-Mansiysk/Russia"]
[Date "2010.09.21"]
[Round "1"]
[White "Grigoryan, Avetik"]
[Black "Ruiz Blais, Sebastian"]
[Result "1-0"]
[WhiteElo "2579"]
[BlackElo "2172"]
[PlyCount "45"]
[EventDate "2010.??.??"]
[WhiteTeam "Armenia"]
[BlackTeam "Costa Rica"]
[WhiteTeamCountry "ARM"]
[BlackTeamCountry "CRI"]
[TimeControl "40/5400+30:1800+30"]

1. d4 Nf6 2. c4 e6 3. Nf3 b6 4. g3 Ba6 5. Qc2 c5 6. d5 exd5 7. cxd5 Bb7 8. Bg2
Nxd5 9. O-O Be7 10. Rd1 Qc8 11. a3 Nf6 12. Bg5 h6 13. Bxf6 Bxf6 14. e4 O-O 15.
e5 Be7 16. Nc3 Re8 17. Qf5 Bc6 18. Nd5 Qb7 19. Ne3 g6 20. Qf4 Na6 21. Ng4 Rf8
22. Qxh6 Nc7 23. Nf6+ 1-0

[Event "39th Olympiad Khanty-Mansiysk 2010"]
[Site "Khanty-Mansiysk/Russia"]
[Date "2010.09.21"]
[Round "1"]
[White "Hou, Yifan"]
[Black "Terao, Juliana Sayumi"]
[Result "1-0"]
[WhiteElo "2578"]
[BlackElo "2138"]
[PlyCount "45"]
[EventDate "2010.??.??"]
[WhiteTeam "China"]
[BlackTeam "Brazil"]
[WhiteTeamCountry "CHN"]
[BlackTeamCountry "BRA"]
[TimeControl "40/5400+30:1800+30"]

1. e4 c5 2. Nf3 e6 3. d4 cxd4 4. Nxd4 a6 5. Nc3 Qc7 6. Qf3 d6 7. Be3 Nf6 8. Bd3
Nbd7 9. O-O b6 10. Rae1 Bb7 11. Qg3 g6 12. f4 Bg7 13. Kh1 O-O 14. f5 e5 15. Nf3
b5 16. a3 Rfe8 17. Ng5 Nc5 18. fxg6 fxg6 19. Bxc5 dxc5 20. Nd5 Nxd5 21. exd5
Bxd5 22. Nxh7 Re7 23. Qxg6 1-0

[Event "39th Olympiad Khanty-Mansiysk 2010"]
[Site "Khanty-Mansiysk/Russia"]
[Date "2010.09.21"]
[Round "1"]
[White "Moradiabadi, Elshan"]
[Black "Press, Shaun"]
[Result "1-0"]
[WhiteElo "2578"]
[BlackElo "2093"]
[PlyCount "27"]
[EventDate "2010.??.??"]
[WhiteTeam "Iran"]
[BlackTeam "Papua New Guinea"]
[WhiteTeamCountry "IRI"]
[BlackTeamCountry "PNG"]
[TimeControl "40/5400+30:1800+30"]

1. e4 e5 2. Nf3 Nc6 3. Bb5 a6 4. Ba4 Nf6 5. O-O Be7 6. Re1 b5 7. Bb3 O-O 8. h3
d6 9. a4 Bb7 10. d3 Na5 11. Ba2 c5 12. Nc3 b4 13. Ne2 Qd7 14. Ng3 1-0

[Event "39th Olympiad Khanty-Mansiysk 2010"]
[Site "Khanty-Mansiysk/Russia"]
[Date "2010.09.21"]
[Round "1"]
[White "Amin, Bassem"]
[Black "Cecchetti, Roberto"]
[Result "1-0"]
[WhiteElo "2578"]
[BlackElo "1930"]
[PlyCount "49"]
[EventDate "2010.??.??"]
[WhiteTeam "Egypt"]
[BlackTeam "San Marino"]
[WhiteTeamCountry "EGY"]
[BlackTeamCountry "SMR"]
[TimeControl "40/5400+30:1800+30"]

1. e4 d6 2. d4 Nf6 3. Nc3 c6 4. a4 a5 5. Bg5 Qc7 6. f4 e5 7. dxe5 dxe5 8. fxe5
Ng4 9. Nf3 Nxe5 10. Nxe5 f6 11. Qh5+ g6 12. Nxg6 Qf7 13. Bxf6 Qxf6 14. Nxh8+
Ke7 15. Bc4 Qxh8 16. Rd1 Nd7 17. Qf7+ Kd8 18. O-O Kc7 19. Be6 Bd6 20. Rxd6 Kxd6
21. Rd1+ Kc7 22. Bxd7 Kb6 23. Qf2+ Kc7 24. Qf4+ Kb6 25. e5 1-0

[Event "39th Olympiad Khanty-Mansiysk 2010"]
[Site "Khanty-Mansiysk/Russia"]
[Date "2010.09.21"]
[Round "1"]
[White "Halkias, Stelios"]
[Black "Vazquez, Reyes Raul"]
[Result "1/2-1/2"]
[WhiteElo "2577"]
[BlackElo "2217"]
[PlyCount "226"]
[EventDate "2010.??.??"]
[WhiteTeam "Greece"]
[BlackTeam "Puerto Rico"]
[WhiteTeamCountry "GRE"]
[BlackTeamCountry "PUR"]
[TimeControl "40/5400+30:1800+30"]

1. d4 Nf6 2. Nf3 c5 3. d5 e6 4. c4 exd5 5. cxd5 d6 6. e4 g6 7. Bd3 Bg7 8. h3
O-O 9. Nc3 Nh5 10. Bg5 Bf6 11. Be3 Nd7 12. O-O Ne5 13. Be2 Nxf3+ 14. Bxf3 Ng7
15. Bf4 Re8 16. Qd2 a6 17. a4 Be5 18. Rae1 Rb8 19. Bxe5 Rxe5 20. Bd1 g5 21. f4
gxf4 22. Qxf4 Qe7 23. Re3 Bd7 24. Rg3 f5 25. Bc2 Rf8 26. Rgf3 Re8 27. Qh6 fxe4
28. Rf7 Qxf7 29. Rxf7 Kxf7 30. Qf4+ Ke7 31. Qh4+ Kf8 32. Bxe4 Bf5 33. Qf6+ Kg8
34. Bf3 Bd3 35. Bg4 h5 36. Bd7 Re1+ 37. Kh2 Rf8 38. Qg5 Rff1 39. h4 Kh7 40. Bc8
Re5 41. Qd8 Re8 42. Qc7 Rf2 43. Be6 b5 44. Qxd6 b4 45. Nd1 Rd2 46. Ne3 Rxb2 47.
Qxc5 Bg6 48. Nc4 Rc2 49. Qxb4 Nxe6 50. dxe6 Rxe6 51. Qb7+ Kh6 52. Qc8 Re7 53.
Qf8+ Rg7 54. Nd6 Kh7 55. Nf5 Rxg2+ 56. Kxg2 Bxf5+ 57. Kf2 Bg4 58. Ke3 Rg6 59.
Qf7+ Rg7 60. Qf8 Rg8 61. Qc5 Rg6 62. Kd4 Re6 63. Qg5 Rg6 64. Qe7+ Kg8 65. Kd5
Bf3+ 66. Ke5 Bg4 67. a5 Rh6 68. Qd8+ Kg7 69. Qc7+ Kg8 70. Kf4 Rg6 71. Qe7 Re6
72. Qd8+ Kg7 73. Qc7+ Kg6 74. Qb7 Rf6+ 75. Ke5 Rf5+ 76. Kd4 Rf4+ 77. Ke3 Rf6
78. Qc7 Rf7 79. Qd8 Rf6 80. Qg8+ Kf5 81. Qh7+ Ke6 82. Qb7 Ke5 83. Qg7 Kf5 84.
Qh7+ Ke5 85. Qc7+ Kf5 86. Qc2+ Ke6 87. Kd4 Kf7 88. Qh7+ Kf8 89. Ke5 Re6+ 90.
Kd5 Rf6 91. Qc7 Kg8 92. Qa7 Rg6 93. Ke5 Re6+ 94. Kf4 Rg6 95. Qe7 Re6 96. Qc7
Rg6 97. Ke5 Re6+ 98. Kd5 Rg6 99. Qe7 Rh6 100. Qg5+ Kh7 101. Qe3 Rg6 102. Qe4
Kg7 103. Qe8 Rf6 104. Qe5 Kf7 105. Qb8 Kg7 106. Qb2 Kf7 107. Qc3 Kg6 108. Qc7
Rf5+ 109. Kd4 Rf6 110. Qe7 Rf4+ 111. Kd3 Rf6 112. Kd2 Rf2+ 113. Kc3 Rf3+
1/2-1/2

[Event "39th Olympiad Khanty-Mansiysk 2010"]
[Site "Khanty-Mansiysk/Russia"]
[Date "2010.09.21"]
[Round "1"]
[White "Jones, Gawain C B"]
[Black "Long, Peter"]
[Result "1-0"]
[WhiteElo "2576"]
[BlackElo "2302"]
[PlyCount "55"]
[EventDate "2010.??.??"]
[WhiteTeam "England"]
[BlackTeam "Malaysia"]
[WhiteTeamCountry "ENG"]
[BlackTeamCountry "MAS"]
[TimeControl "40/5400+30:1800+30"]

1. e4 c6 2. Nc3 d5 3. Nf3 Bg4 4. d4 Nf6 5. e5 Nfd7 6. h3 Bxf3 7. Qxf3 e6 8. Bf4
a6 9. Be2 c5 10. dxc5 Nc6 11. Qg3 Nxc5 12. O-O Nd4 13. Bd1 h5 14. b4 Nf5 15.
Qf3 Nd4 16. Qe3 Nf5 17. Qd2 Nd7 18. Nxd5 exd5 19. Qxd5 Ne7 20. Qxb7 Ng6 21. Qe4
Nxf4 22. Qxf4 Rb8 23. c3 Nb6 24. Bb3 Qc7 25. a4 g5 26. Qf5 Qd7 27. e6 fxe6 28.
Qe5 1-0

[Event "39th Olympiad Khanty-Mansiysk 2010"]
[Site "Khanty-Mansiysk/Russia"]
[Date "2010.09.21"]
[Round "1"]
[White "Ftacnik, Lubomir"]
[Black "Farley, Terry"]
[Result "1-0"]
[WhiteElo "2568"]
[BlackElo "2231"]
[PlyCount "95"]
[EventDate "2010.??.??"]
[WhiteTeam "Slovakia"]
[BlackTeam "Barbados"]
[WhiteTeamCountry "SVK"]
[BlackTeamCountry "BAR"]
[TimeControl "40/5400+30:1800+30"]

1. d4 Nf6 2. Nf3 g6 3. c4 Bg7 4. Nc3 d6 5. e4 O-O 6. Be2 e5 7. O-O Na6 8. Re1
Qe8 9. dxe5 dxe5 10. b3 Qe7 11. Nd5 Qd6 12. Bg5 Qe6 13. c5 c6 14. Nxf6+ Bxf6
15. Bc4 Qe7 16. Bxf6 Qxf6 17. Qd6 Qxd6 18. cxd6 b5 19. Bf1 f6 20. Rec1 Rd8 21.
a4 Rxd6 22. axb5 cxb5 23. Bxb5 Bb7 24. Ne1 Rc8 25. Rxc8+ Bxc8 26. Bc4+ Kf8 27.
Nd3 Ke8 28. g3 g5 29. f3 Kd8 30. Kf2 Kc7 31. Ke3 Kb6 32. h4 h6 33. f4 exf4+ 34.
gxf4 gxf4+ 35. Nxf4 Nc7 36. Rg1 Kc5 37. Rg7 Kc6 38. Rh7 Be6 39. Nxe6 Nxe6 40.
Rxh6 Nc5 41. Bd5+ Kc7 42. h5 Rb6 43. Rh7+ Kd6 44. Rxa7 f5 45. h6 Ke5 46. Re7+
Kd6 47. h7 Rb8 48. Bg8 1-0

[Event "39th Olympiad Khanty-Mansiysk 2010"]
[Site "Khanty-Mansiysk/Russia"]
[Date "2010.09.21"]
[Round "1"]
[White "Gonzalez Zamora, Juan Car"]
[Black "Shrestha, Bilam Lal"]
[Result "1-0"]
[WhiteElo "2564"]
[BlackElo "2096"]
[PlyCount "63"]
[EventDate "2010.??.??"]
[WhiteTeam "Mexico"]
[BlackTeam "Nepal"]
[WhiteTeamCountry "MEX"]
[BlackTeamCountry "NEP"]
[TimeControl "40/5400+30:1800+30"]

1. Nf3 d5 2. d4 Nf6 3. e3 e6 4. Bd3 Nbd7 5. b3 Bd6 6. Bb2 c6 7. O-O Qe7 8. Ne5
g6 9. Nd2 Ba3 10. Bxa3 Qxa3 11. f4 Qd6 12. Qf3 O-O 13. Qh3 Ne8 14. Qh6 Qe7 15.
Rf3 f5 16. Rh3 Qg7 17. Qh4 Nef6 18. Ndf3 Nh5 19. Kh1 Ndf6 20. Rg1 Ng4 21. Qe1
a5 22. Rh4 Ngf6 23. g4 fxg4 24. Ng5 h6 25. Bxg6 hxg5 26. fxg5 Ne4 27. Bxe4 dxe4
28. Rxh5 a4 29. Nxg4 Rf5 30. Qh4 Qg6 31. Nf6+ Kf8 32. Rh6 1-0

[Event "39th Olympiad Khanty-Mansiysk 2010"]
[Site "Khanty-Mansiysk/Russia"]
[Date "2010.09.21"]
[Round "1"]
[White "Hernandez Carmenates, Hol"]
[Black "Han, Daniel"]
[Result "1-0"]
[WhiteElo "2563"]
[BlackElo "2200"]
[PlyCount "67"]
[EventDate "2010.??.??"]
[WhiteTeam "Cuba"]
[BlackTeam "New Zealand"]
[WhiteTeamCountry "CUB"]
[BlackTeamCountry "NZL"]
[TimeControl "40/5400+30:1800+30"]

1. d4 d5 2. c4 c6 3. Nc3 Nf6 4. e3 e6 5. Nf3 Nbd7 6. Bd3 dxc4 7. Bxc4 b5 8. Bd3
Bb7 9. a3 Bd6 10. O-O O-O 11. Ng5 h6 12. Nge4 Bc7 13. b4 e5 14. Ng3 Re8 15. Qc2
Bb6 16. Nf5 Qb8 17. g3 Bc7 18. Bb2 a5 19. Ne4 Nd5 20. Qb3 Re6 21. dxe5 Bxe5 22.
Nd4 Re8 23. Rfc1 Rc8 24. f4 a4 25. Qa2 Bc7 26. Nf5 Bb6 27. Nc5 N7f6 28. e4 Nxf4
29. gxf4 Qxf4 30. Bxf6 Bxc5+ 31. Rxc5 gxf6 32. Qg2+ Kf8 33. Qg7+ Ke8 34. Qg8+
1-0

[Event "39th Olympiad Khanty-Mansiysk 2010"]
[Site "Khanty-Mansiysk/Russia"]
[Date "2010.09.21"]
[Round "1"]
[White "Palac, Mladen"]
[Black "Ortiz, Q Johnny Alexander"]
[Result "1-0"]
[WhiteElo "2561"]
[BlackElo "2179"]
[PlyCount "75"]
[EventDate "2010.??.??"]
[WhiteTeam "Croatia"]
[BlackTeam "Guatemala"]
[WhiteTeamCountry "CRO"]
[BlackTeamCountry "GUA"]
[TimeControl "40/5400+30:1800+30"]

1. e4 c5 2. Nf3 d6 3. Bb5+ Bd7 4. Bxd7+ Qxd7 5. c4 g6 6. d4 cxd4 7. Nxd4 Bg7 8.
Nc3 Nc6 9. Be3 Nf6 10. f3 O-O 11. O-O Ne8 12. Nde2 Nc7 13. Rc1 Ne5 14. Qb3 a5
15. Na4 Qc6 16. Nd4 Qa6 17. Nb5 Ne6 18. f4 Ng4 19. Bb6 Rac8 20. Qf3 Nf6 21. b3
Nd7 22. Bf2 Ndc5 23. Nac3 Nc7 24. Rfd1 Nxb5 25. cxb5 Qa7 26. e5 dxe5 27. b6 Qb8
28. Nd5 e4 29. Qe3 Nd3 30. Nxe7+ Kh8 31. Rxc8 Rxc8 32. Nxc8 Qxc8 33. Qxe4 Nxf2
34. Kxf2 Bf6 35. g3 Kg7 36. Kg2 Qc5 37. Rd7 Qxb6 38. Qd5 1-0

[Event "39th Olympiad Khanty-Mansiysk 2010"]
[Site "Khanty-Mansiysk/Russia"]
[Date "2010.09.21"]
[Round "1"]
[White "Svetushkin, Dmitry"]
[Black "Arosemena, Jose Luis"]
[Result "1-0"]
[WhiteElo "2552"]
[BlackElo "2203"]
[PlyCount "67"]
[EventDate "2010.??.??"]
[WhiteTeam "Moldova"]
[BlackTeam "Panama"]
[WhiteTeamCountry "MDA"]
[BlackTeamCountry "PAN"]
[TimeControl "40/5400+30:1800+30"]

1. d4 Nf6 2. c4 e6 3. Nf3 b6 4. Nc3 Bb4 5. Bg5 h6 6. Bh4 Bb7 7. Nd2 Bxc3 8.
bxc3 d6 9. f3 Nbd7 10. e4 e5 11. Bd3 c5 12. d5 g5 13. Bf2 Qe7 14. Qa4 Kd8 15.
Nf1 Nh5 16. Ne3 Ng7 17. h4 Kc7 18. Ke2 f6 19. Rh2 Rag8 20. Rah1 h5 21. Kd2 Kb8
22. g4 hxg4 23. Nxg4 Bc8 24. Qd1 Nf8 25. Qg1 Ng6 26. hxg5 Rxh2 27. Rxh2 fxg5
28. Rh7 Rf8 29. Be2 Nf4 30. Bd1 Qf7 31. Be3 Bd7 32. Qh2 b5 33. Qh6 Rg8 34.
Qxd6+ 1-0

[Event "39th Olympiad Khanty-Mansiysk 2010"]
[Site "Khanty-Mansiysk/Russia"]
[Date "2010.09.21"]
[Round "1"]
[White "Sedlak, Nikola"]
[Black "Nelis, Jean-Francois"]
[Result "1-0"]
[WhiteElo "2550"]
[BlackElo "2238"]
[PlyCount "55"]
[EventDate "2010.??.??"]
[WhiteTeam "SRB"]
[BlackTeam "Monaco"]
[BlackTeamCountry "MNC"]
[TimeControl "40/5400+30:1800+30"]

1. e4 e6 2. d4 d5 3. Nc3 Bb4 4. e5 Qd7 5. a3 Bxc3+ 6. bxc3 b6 7. Qg4 f5 8. Qg3
Ba6 9. Bxa6 Nxa6 10. a4 Nb8 11. a5 Nc6 12. axb6 cxb6 13. Ne2 Na5 14. Nf4 O-O-O
15. O-O Kb7 16. Rxa5 bxa5 17. Ba3 Ka8 18. c4 Ne7 19. Bd6 Ng6 20. Nd3 dxc4 21.
Nc5 Qc6 22. Nxe6 Rd7 23. h4 f4 24. Qg4 f3 25. Rd1 Qd5 26. h5 fxg2 27. hxg6 hxg6
28. Qxg2 1-0

[Event "39th Olympiad Khanty-Mansiysk 2010"]
[Site "Khanty-Mansiysk/Russia"]
[Date "2010.09.21"]
[Round "1"]
[White "Borisek, Jure"]
[Black "Borda, Alan"]
[Result "1-0"]
[WhiteElo "2535"]
[BlackElo "2164"]
[PlyCount "127"]
[EventDate "2010.??.??"]
[WhiteTeam "Slovenia"]
[BlackTeam "Bolivia"]
[WhiteTeamCountry "SLO"]
[BlackTeamCountry "BOL"]
[TimeControl "40/5400+30:1800+30"]

1. e4 c6 2. d4 d5 3. exd5 cxd5 4. c4 Nf6 5. Nc3 e6 6. Nf3 Be7 7. cxd5 Nxd5 8.
Bd3 Nd7 9. O-O N7f6 10. Bg5 O-O 11. Ne5 h6 12. Bh4 Bd7 13. Rc1 Rc8 14. Bb1 Nxc3
15. bxc3 Bc6 16. c4 g5 17. Bg3 Be4 18. f4 Ba3 19. Rc3 Bb2 20. Qd2 Bxc3 21. Qxc3
Bxb1 22. Rxb1 Ne4 23. Qd3 Nxg3 24. hxg3 Rc7 25. Rf1 Qe7 26. Ng4 Kg7 27. fxg5
hxg5 28. Nf6 Qxf6 29. Rxf6 Kxf6 30. Qf3+ Kg7 31. Qe3 Rxc4 32. Qxg5+ Kh7 33. Qf6
Rc7 34. g4 Rfc8 35. g5 Kg8 36. g6 fxg6 37. Qxg6+ Kf8 38. Qf6+ Ke8 39. Qxe6+ Kf8
40. d5 Rd8 41. Qh6+ Ke8 42. Qh5+ Rf7 43. g4 Rdd7 44. Kg2 b6 45. Kg3 Kd8 46. Qe5
Kc8 47. g5 Rfe7 48. Qc3+ Kb8 49. Qc6 Rc7 50. Qf6 Rcd7 51. g6 Kb7 52. Qc6+ Kb8
53. Qf6 Kb7 54. Kf4 a6 55. Qc6+ Ka7 56. Kf5 b5 57. d6 Rg7 58. Kf6 Rb7 59. Qe8
Kb6 60. Qe7 Rg8 61. d7 Rbb8 62. Qd6+ Ka5 63. Kf7 Rbf8+ 64. Qxf8 1-0

[Event "39th Olympiad Khanty-Mansiysk 2010"]
[Site "Khanty-Mansiysk/Russia"]
[Date "2010.09.21"]
[Round "1"]
[White "Dzagnidze, Nana"]
[Black "Koskoska, Gabriela"]
[Result "1-0"]
[WhiteElo "2534"]
[BlackElo "2142"]
[PlyCount "79"]
[EventDate "2010.??.??"]
[WhiteTeam "Georgia"]
[BlackTeam "MKD"]
[WhiteTeamCountry "GEO"]
[TimeControl "40/5400+30:1800+30"]

1. d4 Nf6 2. c4 e6 3. Nc3 Bb4 4. e3 b6 5. Nge2 Bb7 6. a3 Bxc3+ 7. Nxc3 O-O 8.
Bd3 d5 9. O-O Nbd7 10. b4 c5 11. dxc5 bxc5 12. cxd5 exd5 13. Bb2 Qe7 14. Ne2
Rfd8 15. Ng3 g6 16. Bb5 a6 17. Bxd7 Nxd7 18. bxc5 Qxc5 19. Rc1 Qb6 20. Bd4 Qd6
21. Ba1 Ne5 22. Qd4 f6 23. f4 Nc6 24. Qxf6 Qxf6 25. Bxf6 Re8 26. Rb1 Bc8 27.
Rfc1 Na5 28. Rc7 Re6 29. Bd4 Nc6 30. Rc1 Ne7 31. a4 Rb8 32. Ba7 Rb7 33. Rxc8+
Nxc8 34. Rxc8+ Kf7 35. Bd4 Rb4 36. Rc7+ Ke8 37. a5 h5 38. f5 gxf5 39. Nxh5 Re7
40. Rxe7+ 1-0

[Event "39th Olympiad Khanty-Mansiysk 2010"]
[Site "Khanty-Mansiysk/Russia"]
[Date "2010.09.21"]
[Round "1"]
[White "Mitkov, Nikola"]
[Black "Fesalbon, Rolando"]
[Result "1-0"]
[WhiteElo "2531"]
[BlackElo "2061"]
[PlyCount "61"]
[EventDate "2010.??.??"]
[WhiteTeam "MKD"]
[BlackTeam "Macau"]
[BlackTeamCountry "MAC"]
[TimeControl "40/5400+30:1800+30"]

1. e4 Nf6 2. e5 Nd5 3. c4 Nb6 4. d4 d6 5. exd6 cxd6 6. Nc3 g6 7. Be3 Bg7 8. Rc1
Nc6 9. d5 Ne5 10. Be2 O-O 11. b3 f5 12. Qd2 Nbd7 13. f4 Nf7 14. Nf3 Nf6 15. O-O
e5 16. dxe6 Bxe6 17. Nd4 Bd7 18. Bf3 Ng4 19. Bxg4 fxg4 20. f5 Re8 21. fxg6 hxg6
22. Nd5 Bc6 23. Rce1 Bxd5 24. cxd5 Be5 25. Ne6 Bxh2+ 26. Kxh2 Qh4+ 27. Kg1 g3
28. Rf4 Qh2+ 29. Kf1 Qh1+ 30. Bg1 Re7 31. Qd3 1-0

[Event "39th Olympiad Khanty-Mansiysk 2010"]
[Site "Khanty-Mansiysk/Russia"]
[Date "2010.09.21"]
[Round "1"]
[White "Petrik, Tomas"]
[Black "Del Castilho, Martyn"]
[Result "1-0"]
[WhiteElo "2528"]
[BlackElo "2218"]
[PlyCount "51"]
[EventDate "2010.??.??"]
[WhiteTeam "Slovakia"]
[BlackTeam "Barbados"]
[WhiteTeamCountry "SVK"]
[BlackTeamCountry "BAR"]
[TimeControl "40/5400+30:1800+30"]

1. e4 c5 2. Nf3 e6 3. d4 cxd4 4. Nxd4 Nf6 5. Nc3 Nc6 6. Be2 Bb4 7. O-O Qc7 8.
a3 Be7 9. Be3 O-O 10. f4 d6 11. Kh1 Bd7 12. Nb3 Rad8 13. Qe1 Na5 14. Nxa5 Qxa5
15. Nd5 Qxe1 16. Nxe7+ Kh8 17. Raxe1 Nxe4 18. Bf3 Nf6 19. Bxb7 Bb5 20. Rg1 Rb8
21. Bc6 Bxc6 22. Nxc6 Rxb2 23. Bxa7 Rxc2 24. Nb4 Rc3 25. Re3 Rc7 26. Bd4 1-0

[Event "39th Olympiad Khanty-Mansiysk 2010"]
[Site "Khanty-Mansiysk/Russia"]
[Date "2010.09.21"]
[Round "1"]
[White "Alsina Leal, Daniel"]
[Black "Khelfallah, Badreddine"]
[Result "1-0"]
[WhiteElo "2523"]
[BlackElo "2183"]
[PlyCount "101"]
[EventDate "2010.??.??"]
[WhiteTeam "Espana"]
[BlackTeam "Algeria"]
[WhiteTeamCountry "ESP"]
[BlackTeamCountry "ALG"]
[TimeControl "40/5400+30:1800+30"]

1. e4 c5 2. Nf3 e6 3. d4 cxd4 4. Nxd4 Nc6 5. Nc3 Qc7 6. Be2 a6 7. O-O Nf6 8.
Be3 Bb4 9. Na4 Be7 10. Nxc6 bxc6 11. Nb6 Rb8 12. Nxc8 Qxc8 13. Bd4 O-O 14. e5
Nd5 15. c4 Nf4 16. g3 Ng6 17. b3 c5 18. Bc3 Qc7 19. f4 f6 20. exf6 Bxf6 21.
Bxf6 Rxf6 22. Qd2 Rd8 23. Rad1 d6 24. Bg4 Ne7 25. Rfe1 Kf7 26. Re3 Nf5 27. Bxf5
Rxf5 28. Rde1 Re8 29. Rd3 Rd8 30. Rd1 Ke7 31. Qe2 Kf7 32. Qe4 h6 33. g4 Rf6 34.
g5 Rf5 35. gxh6 gxh6 36. Rg3 Qe7 37. Qg2 Qf6 38. Qb7+ Kf8 39. Qh7 Qf7 40. Qxh6+
Ke7 41. Qh4+ Rf6 42. Kh1 Kd7 43. Rg4 Rf8 44. Qg3 Qh5 45. Qf3 R6f7 46. Qb7+ Ke8
47. Qc6+ Ke7 48. Qxd6+ Kf6 49. Rdg1 Rh8 50. Rg6+ Qxg6 51. Qe5+ 1-0

[Event "39th Olympiad Khanty-Mansiysk 2010"]
[Site "Khanty-Mansiysk/Russia"]
[Date "2010.09.21"]
[Round "1"]
[White "Laylo, Darwin"]
[Black "Chogdov, Munkhbat"]
[Result "1-0"]
[WhiteElo "2522"]
[BlackElo "2236"]
[PlyCount "91"]
[EventDate "2010.??.??"]
[WhiteTeam "Philippines"]
[BlackTeam "Korea"]
[WhiteTeamCountry "PHI"]
[BlackTeamCountry "KOR"]
[TimeControl "40/5400+30:1800+30"]

1. d4 d5 2. Nf3 c6 3. c4 Nf6 4. e3 e6 5. Nbd2 Nbd7 6. Bd3 Bd6 7. e4 dxe4 8.
Nxe4 Nxe4 9. Bxe4 Nf6 10. Bc2 c5 11. O-O Qc7 12. Re1 h6 13. b3 cxd4 14. Qxd4 b6
15. Qh4 Bb7 16. Nd4 Be7 17. Qh3 Rd8 18. Bb2 Bc8 19. Nb5 Qb8 20. Be5 Qb7 21.
Nc7+ Kf8 22. Rad1 Rd7 23. Nb5 a6 24. Nd4 h5 25. Qc3 h4 26. h3 Rh5 27. Nf3 Rxd1
28. Rxd1 Qc6 29. Qd4 Bb7 30. Kf1 Ne8 31. Qg4 Rh6 32. Nd4 Qc5 33. Qe2 Bf6 34.
Bxf6 Rxf6 35. Be4 Bxe4 36. Qxe4 Qh5 37. Nf3 Qc5 38. Qxh4 b5 39. cxb5 axb5 40.
Qe4 Rf5 41. g4 Rd5 42. Rxd5 exd5 43. Qd4 Qc6 44. Qb4+ Kg8 45. Qe7 f6 46. Nd4
1-0

[Event "39th Olympiad Khanty-Mansiysk 2010"]
[Site "Khanty-Mansiysk/Russia"]
[Date "2010.09.21"]
[Round "1"]
[White "De La Riva Aguado, Oscar"]
[Black "Motylev, Alexandr"]
[Result "0-1"]
[WhiteElo "2521"]
[BlackElo "2694"]
[PlyCount "84"]
[EventDate "2010.??.??"]
[WhiteTeam "Andorra"]
[BlackTeam "RU3"]
[WhiteTeamCountry "AND"]
[TimeControl "40/5400+30:1800+30"]

1. e4 c6 2. Nc3 d5 3. Nf3 Bg4 4. h3 Bxf3 5. Qxf3 e6 6. g3 Nf6 7. Bg2 Nbd7 8. d3
Bb4 9. O-O Qa5 10. Nb1 O-O 11. Qe2 e5 12. Nd2 Rfe8 13. a3 Qa6 14. Rb1 Bf8 15.
b4 d4 16. Bb2 c5 17. f4 Rad8 18. b5 Qxb5 19. fxe5 Nxe5 20. Bxd4 Qd7 21. Bxe5
Rxe5 22. Nc4 Re6 23. a4 Nd5 24. Qd2 Nb6 25. Nxb6 axb6 26. a5 b5 27. Rf5 g6 28.
Rd5 Rd6 29. Rxc5 Rxd3 30. Qxd3 Bxc5+ 31. Kh2 Qc7 32. Qxb5 Bf2 33. e5 Qc3 34. e6
Bxg3+ 35. Kh1 fxe6 36. Qxb7 Bc7 37. Qe4 Qg3 38. Qxe6+ Kg7 39. Qe7+ Kh6 40. Kg1
Qh2+ 41. Kf1 Qf4+ 42. Kg1 Rf8 0-1

[Event "39th Olympiad Khanty-Mansiysk 2010"]
[Site "Khanty-Mansiysk/Russia"]
[Date "2010.09.21"]
[Round "1"]
[White "Hillarp Persson, Tiger"]
[Black "Gajadin, Dewperkash"]
[Result "0-1"]
[WhiteElo "2517"]
[BlackElo "2179"]
[PlyCount "92"]
[EventDate "2010.??.??"]
[WhiteTeam "Sweden"]
[BlackTeam "Surinam"]
[WhiteTeamCountry "SWE"]
[BlackTeamCountry "SUR"]
[TimeControl "40/5400+30:1800+30"]

1. d4 Nf6 2. c4 c5 3. d5 b5 4. Nf3 e6 5. Bg5 exd5 6. cxd5 h6 7. Bxf6 Qxf6 8.
Qc2 d6 9. e4 a6 10. a4 b4 11. Nbd2 Bg4 12. Bc4 Nd7 13. a5 Bxf3 14. Nxf3 Be7 15.
O-O O-O 16. Nd2 Ne5 17. Rae1 Rfe8 18. f4 Nxc4 19. Nxc4 Qd4+ 20. Kh1 b3 21. Qxb3
Rab8 22. Qc2 Rb4 23. b3 Bf8 24. h3 Reb8 25. Rd1 Qf6 26. Rf3 Qg6 27. Re1 Re8 28.
Qd3 Reb8 29. Qd1 Qh5 30. Qc2 Qg6 31. Kh2 h5 32. g3 Re8 33. Kg2 Reb8 34. Re2 Be7
35. Qd1 Bf8 36. e5 Re8 37. f5 Qh6 38. e6 f6 39. Re4 Be7 40. Qd2 Rxc4 41. Qxh6
Rc2+ 42. Rf2 Rxf2+ 43. Kxf2 gxh6 44. b4 Rb8 45. bxc5 dxc5 46. Rh4 Rd8 0-1

[Event "39th Olympiad Khanty-Mansiysk 2010"]
[Site "Khanty-Mansiysk/Russia"]
[Date "2010.09.21"]
[Round "1"]
[White "Harika, Dronavalli"]
[Black "Shabanaj, Eglantina"]
[Result "1-0"]
[WhiteElo "2515"]
[BlackElo "2070"]
[PlyCount "89"]
[EventDate "2010.??.??"]
[WhiteTeam "India"]
[BlackTeam "Albania"]
[WhiteTeamCountry "IND"]
[BlackTeamCountry "ALB"]
[TimeControl "40/5400+30:1800+30"]

1. Nf3 d5 2. c4 c6 3. d4 e6 4. Qc2 f5 5. g3 Nf6 6. Bg2 Nbd7 7. O-O Bd6 8. Nc3
Ne4 9. Nxe4 dxe4 10. Ng5 Nf6 11. f3 h6 12. Nh3 exf3 13. exf3 O-O 14. Rd1 Qe7
15. Nf4 Qf7 16. Nd3 g5 17. b3 Bd7 18. Ne5 Qg7 19. Bb2 h5 20. Re1 g4 21. f4 Rae8
22. Re2 h4 23. Nxd7 Qxd7 24. Qc3 Qh7 25. Rae1 Qf7 26. Kf1 Kh7 27. a3 Kg6 28.
Qd3 Nh5 29. d5 exd5 30. cxd5 Rxe2 31. Rxe2 Bxf4 32. Re6+ Kh7 33. gxf4 Nxf4 34.
Qd4 Nxe6 35. dxe6 Qe7 36. h3 g3 37. Bf3 Kg6 38. Qe5 a6 39. Bd4 Rd8 40. Be3 Rf8
41. Bc5 Qf6 42. Qe2 Rg8 43. e7 g2+ 44. Qxg2+ Kh7 45. Qxg8+ 1-0

[Event "39th Olympiad Khanty-Mansiysk 2010"]
[Site "Khanty-Mansiysk/Russia"]
[Date "2010.09.21"]
[Round "1"]
[White "Teterev, Vitaly"]
[Black "Wojciechowski, Paul"]
[Result "1-0"]
[WhiteElo "2511"]
[BlackElo "2101"]
[PlyCount "67"]
[EventDate "2010.??.??"]
[WhiteTeam "Belarus"]
[BlackTeam "Channel Islands"]
[WhiteTeamCountry "BLR"]
[BlackTeamCountry "JCI"]
[TimeControl "40/5400+30:1800+30"]

1. e4 c5 2. Nf3 d6 3. Bc4 e6 4. O-O Nf6 5. Re1 Nc6 6. Bb3 Be7 7. c3 O-O 8. d4
e5 9. dxc5 dxc5 10. Nbd2 Bg4 11. Qe2 Qc7 12. Nf1 Na5 13. Bc2 c4 14. Ne3 Be6 15.
Ng5 Qc6 16. Nxe6 Qxe6 17. Nf5 b5 18. b4 Nc6 19. a4 a6 20. Be3 Rfd8 21. h3 Bf8
22. Bg5 Ne7 23. Qf3 Ng6 24. Red1 Rxd1+ 25. Qxd1 Qc6 26. Qf3 Be7 27. h4 Bd8 28.
h5 Kf8 29. Rd1 Qe6 30. Rd6 Qe8 31. Nxg7 Kxg7 32. Bxf6+ Bxf6 33. Qxf6+ Kg8 34.
h6 1-0

[Event "39th Olympiad Khanty-Mansiysk 2010"]
[Site "Khanty-Mansiysk/Russia"]
[Date "2010.09.21"]
[Round "1"]
[White "Malisauskas, Vidmantas"]
[Black "Izijk, Jimmy"]
[Result "1-0"]
[WhiteElo "2510"]
[BlackElo "2062"]
[PlyCount "81"]
[EventDate "2010.??.??"]
[WhiteTeam "Lithuania"]
[BlackTeam "Netherlands Antilles"]
[WhiteTeamCountry "LTU"]
[BlackTeamCountry "AHO"]
[TimeControl "40/5400+30:1800+30"]

1. e4 c5 2. Nf3 Nc6 3. d4 cxd4 4. Nxd4 Nf6 5. Nc3 d6 6. Bg5 e6 7. Qd2 a6 8.
O-O-O Be7 9. f4 Qc7 10. Bxf6 gxf6 11. Be2 Nxd4 12. Qxd4 b5 13. Bf3 Bb7 14. Kb1
Rc8 15. Qd2 b4 16. Ne2 a5 17. f5 e5 18. Rc1 Qc4 19. Ng3 a4 20. c3 b3 21. a3 h5
22. h4 Rd8 23. Rcd1 Bc8 24. Kc1 Qc7 25. Qd4 Bb7 26. Kb1 Rc8 27. Qd2 Qc4 28. Rc1
Rd8 29. Rcd1 Rg8 30. Rh3 Rh8 31. Rhh1 Ra8 32. Kc1 Qc7 33. Be2 Bc8 34. Qd4 Bb7
35. Bf3 Rc8 36. Ne2 Qc4 37. Qd2 Rd8 38. Ng3 Rg8 39. Kb1 Rg4 40. Rh3 Qd3+ 41.
Qxd3 1-0